AoeStats
← FloSnake27

Arena

509716502Analyzed
2v2 RM · 6d ago on Sep 27, 2026· 62m 10s· 4 players
Game mode
Random Map
Map size
Medium (4 player)
Population
200
Speed
Normal
Resources
Standard
Victory
Conquest
Starting age
Dark Age
Ending age
Imperial Age
RankedLock teamsTeams togetherTeam positionsShared explorationLock speedFull tech treeHidden civsTurbo modeCheats
Victory
Defeat
🇫🇷 Gurjaras · France
783
+14
🇺🇸 Japanese · United States
705
+17
🇫🇷 Khmer · France
795
-18
🇫🇷 Goths · France
681
-13
balou
11:49 Feudal Age
16:52 Castle Age
15:11 Double-Bit Axe
16:58 Stone Mining
22:31 Squires
23:28 Ballistics
23:35 Loom
26:39 Forging
28:02 Scale Mail Armor
28:10 Town Watch
29:38 Anarchy
29:16 Pikeman
30:02 Padded Archer Armor
30:11 Treadmill Crane
30:43 Masonry
31:40 Gold Mining
32:55 Wheelbarrow
34:44 Bow Saw
34:52 Town Patrol
35:35 Iron Casting
34:38 Man-at-Arms
37:13 Long Swordsman
42:13 Chain Mail Armor
43:01 Hand Cart
43:35 Fervor
44:04 Fletching
46:07 Stone Shaft Mining
47:46 Horse Collar
50:51 Imperial Age
48:51 Husbandry
50:53 Two-Handed Swordsman
51:58 Perfusion
52:27 Halberdier
53:20 Bloodlines
55:59 Blast Furnace
56:22 Conscription
58:47 Murder Holes
58:57 Champion
goustan
13:13 Feudal Age
16:59 Castle Age
19:31 Double-Bit Axe
19:48 Horse Collar
26:15 Pikeman
28:46 Elite Skirmisher
29:58 Crossbowman
34:15 Loom
38:09 Imperial Age
36:15 Husbandry
37:39 Town Watch
39:11 Ballistics
39:44 Fletching
39:55 Padded Archer Armor
40:43 Conscription
42:00 Bloodlines
41:11 Light Cavalry
49:35 Scale Barding Armor
49:42 Forging
49:33 Scale Mail Armor
Cient
9:22 Feudal Age
10:55 Double-Bit Axe
10:45 Man-at-Arms
17:53 Castle Age
16:16 Man-at-Arms
16:53 Arson
17:13 Scale Mail Armor
18:33 Gambesons
19:56 Horse Collar
20:33 Stone Mining
21:52 Chain Mail Armor
21:44 Squires
22:20 Town Watch
22:49 Heavy Plow
25:08 Wheelbarrow
24:35 Town Patrol
24:21 Loom
25:36 Wheelbarrow
25:31 Pikeman
26:35 Forging
28:37 Iron Casting
28:25 Hand Cart
29:15 Gambesons
31:38 Gold Mining
37:56 Imperial Age
37:31 Gold Shaft Mining
38:31 Elite Samurai
40:10 Conscription
40:20 Conscription
42:21 Kataparuto
44:09 Halberdier
45:50 Onager
48:11 Chemistry
52:10 Onager
FloSnake27
1:20 Loom
11:55 Feudal Age
12:37 Double-Bit Axe
19:34 Castle Age
20:23 Town Watch
21:56 Fervor
22:32 Horse Collar
23:10 Scale Mail Armor
24:14 Scale Barding Armor
26:19 Bow Saw
27:23 Husbandry
29:53 Sanctity
32:50 Bloodlines
32:36 Elite Skirmisher
33:47 Forging
34:11 Ballistics
34:03 Careening
33:58 Murder Holes
33:57 Heated Shot
35:06 Chain Barding Armor
36:25 Chain Mail Armor
36:46 Iron Casting
37:02 Town Patrol
37:39 Wheelbarrow
42:52 Imperial Age
40:38 Hand Cart
40:43 Thumb Ring
43:10 Siege Elephant
43:14 Heavy Scorpion
45:44 Plate Barding Armor
45:40 Plate Mail Armor
46:16 Chemistry
44:57 Treadmill Crane
45:28 Masonry
45:30 Fortified Wall
46:07 Heavy Camel Rider
47:22 Kshatriyas
47:55 Hoardings
47:44 Frontier Guards
47:42 Crossbowman
50:01 Padded Archer Armor
50:34 Architecture
50:30 Caravan
57:08 Gold Mining
57:20 Heavy Plow
60:25 Sappers
61:27 Illumination
61:39 Theocracy
Connection lost

Rejoining the realm…

Still unreachable

The connection could not be restored.

Session expired

The server has moved on; the page needs a fresh start.